Workbook

Sheet Анкета
C1: АНКЕТА КОНТРАГЕНТА ЮРИДИЧЕСКОГО ЛИЦА
F2: Дата составления анкеты | G2: ____________
A4: ОБЩАЯ ИНФОРМАЦИЯ
A6: Сокращенное наименование организации | F6: ИНН Контрагента
A7: ____________ | F7: ____________
A9: Фактический адрес (указать если отличается от адреса места нахождения) | D9: ____________
A11: Адрес склада/производства (указать если отличается от фактического адреса) | D11: ____________
A13: E-mail | B13: ____________ | C13: Телефон | D13: ____________ | E13: Сайт | F13: ____________
A15: РУКОВОДИТЕЛЬ ОРГАНИЗАЦИИ
A17: Должность | B17: ____________ | D17: ФИО | E17: ____________
A19: Дата рождения | B19: Паспортные данные | F19: Контактные телефоны
B20: Серия и номер | C20: Дата выдачи | D20: E-mail | F20: Мобильный | G20: Рабочий
A21: ____________ | B21: ____________ | C21: ____________ | D21: ____________ | F21: ____________ | G21: ____________
A23: Адрес регистрации | C23: ____________
A25: СТРУКТУРА ВЛАДЕНИЯ
A27: Участники физические лица
A28: Фамилия Имя Отчество | C28: Дата рождения | D28: Паспортные данные | F28: ИНН | G28: Доля
D29: Серия и номер | E29: Дата выдачи
A30: ____________ | C30: ____________ | D30: ____________ | E30: ____________ | F30: ____________ | G30: ____________
A31: ____________ | C31: ____________ | D31: ____________ | E31: ____________ | F31: ____________ | G31: ____________
A32: ____________ | C32: ____________ | D32: ____________ | E32: ____________ | F32: ____________ | G32: ____________
A33: ____________ | C33: ____________ | D33: ____________ | E33: ____________ | F33: ____________ | G33: ____________
A34: Участники юридические лица
A35: Наименование компании | F35: ИНН | G35: Доля
A41: БЕНЕФИЦИАРНЫЕ ВЛАДЕЛЬЦЫ*
A42: *Физические лица, которые в конечном счете прямо или косвенно (через третьих лиц) владеют организацией, либо имеют возможность контролировать действия организации.
A43: Фамилия Имя Отчество | C43: Дата рождения | D43: Паспортные данные | F43: ИНН | G43: Доля
D44: Серия и номер | E44: Дата выдачи
A45: ____________ | C45: ____________ | D45: ____________ | E45: ____________ | F45: ____________ | G45: ____________
A46: ____________ | C46: ____________ | D46: ____________ | E46: ____________ | F46: ____________ | G46: ____________
A47: ____________ | C47: ____________ | D47: ____________ | E47: ____________ | F47: ____________ | G47: ____________
A48: ____________ | C48: ____________ | D48: ____________ | E48: ____________ | F48: ____________ | G48: ____________
A50: БАНКОВСКИЕ РЕКВИЗИТЫ (для указания в договорах)
A52: Расчетный счет | C52: Наименование Банка | G52: БИК
A53: ____________ | C53: ____________ | G53: ____________
A54: В соответствии с Федеральным законом № 218-ФЗ «О кредитных историях» ____________ (ИНН ____________)
A55: дает согласие АО ЛК «Роделен» (ИНН 7813379412) на получение и хранение из любого бюро кредитных историй информации / кредитных отчетов о себе. Согласие дается для подтверждения платежеспособности и кредитоспособности.
A56: В соответствии с Федеральным законом № 152-ФЗ «О персональных данных» ____________ (ИНН ____________)
A57: дает согласие АО ЛК «Роделен» (ИНН 7813379412) на осуществление действий, направленных на проверку, сбор, обработку, хранение, пользование, накопление, распространение, предоставление, передачу персональных данных (далее – обработка персональных данных), указанных в настоящей анкете, и каких-либо иных сведений в целях заключения и исполнения договоров с участием АО ЛК «Роделен», а также для обеспечения соблюдения законов и иных нормативно-правовых актов. Настоящим подтверждает, что согласие лиц, чьи персональные данные указаны в настоящей анкете, получено им надлежащим образом, в порядке, установленном действующим законодательством Российской Федерации.
A58: ____________ (ИНН ____________) (далее - Контрагент) также:
A59: подтверждает, что вся информация, указанная в настоящей анкете является подлинной; выражает свое согласие на проведение анализа, а также, при необходимости, на проверку сведений, указанных в настоящей анкете; выражает свое согласие на получение любых данных и информации о себе от третьих лиц, в соответствии с порядком и правилами, предусмотренными действующим законодательством Российской Федерации; выражает свое согласие на предоставление любой юридической, финансовой и иной информации о себе, которой владеет АО ЛК «Роделен» (ИНН 7813379412)? в финансирующие АО ЛК «Роделен» (ИНН 7813379412) Банки и в информационные базы (включая любые «Бюро кредитных историй») с предоставлением третьим лицам права на обработку, хранение, распространение и использование информации о Контрагенте; контрагент уведомлен, что обработка персональных данных в АО ЛК «Роделен» (ИНН 7813379412) может осуществляться как с использованием средств автоматизации, так и без использования таких средств.
A60: Согласие Контрагента на получение и хранение из любого бюро кредитных историй информации / кредитных отчетов о себе дается на срок 6 (шесть) месяцев с даты его оформления, а в случае заключения в течение указанного срока соответствующего договора согласие сохраняет силу также в течение срока действия заключенного договора. Остальные согласия Контрагента, которые даны в настоящей анкете, действуют в течение неопределенного периода времени и могут быть отозваны посредством направления соответствующего письменного заявления в адрес АО ЛК «Роделен».
A61: Контрагент подтверждает, что ознакомлен с предусмотренной законодательством Российской Федерации ответственностью за предоставление заведомо ложных документов и сведений. В случае необходимости АО ЛК «Роделен» может быть запрошена дополнительная информация, в т.ч. по уточнению отдельных показателей финансово-хозяйственной деятельности Контрагента. АО ЛК «Роделен» гарантирует, что вся информация, предоставленная Контрагентом, будет использована строго конфиденциально.
A62: Руководитель организации | D62: / | E62: ____________
C63: подпись | E63: расшифровка подписи
A64: М.П.

Sheet техлист
B2: полное наименование лп
A3: НАИМЕНОВАНИЕ_ЛП | B3: краткое наименование лп | C3: =Анкета!A7 -> 0
A4: ЮР_АДРЕС_ЛП | B4: юридический адрес лп
A5: ФАКТ_АДРЕС_ЛП | B5: фактический адрес лп | C5: =Анкета!D9 -> 0
A6: АДРЕС_ПРОИЗВОДСТВА_ЛП | B6: адрес склада/производства лп | C6: =Анкета!D11 -> 0
A7: ИНН_ЛП | B7: ИНН лп | C7: =Анкета!F7 -> 0
A8: КПП_ЛП | B8: КПП лп
A9: ОГРН_ЛП | B9: ОГРН лп
A10: ОКПО_ЛП | B10: ОКПО лп
A11: ТЕЛЕФОН_ЛП | B11: Телефон лп | C11: =Анкета!D13 -> 0
A12: ФАКТ_ЛП | B12: факс лп
A13: САЙТ_ЛП | B13: сайт лп | C13: =Анкета!F13 -> 0
A14: MAIL_ЛП | B14: e-mail лп | C14: =Анкета!B13 -> 0
A15: РСЧ_ЛП_1 | B15: Р/сч ЛП 1 | C15: =Анкета!A53 -> 0
A16: БАНК_ЛП_1 | B16: банк ЛП 1 | C16: =Анкета!C53 -> 0
A17: КСЧ_ЛП_1 | B17: К/сч Банка ЛП 1
A18: БИК_БАНКА_ЛП_1 | B18: БИК Банка ЛП 1 | C18: =Анкета!G53 -> 0
A19: РСЧ_ЛП_2 | B19: Р/сч ЛП 2
A20: БАНК_ЛП_2 | B20: банк ЛП 2
A21: КСЧ_ЛП_2 | B21: К/сч Банка ЛП 2
A22: БИК_БАНКА_ЛП_2 | B22: БИК Банка ЛП 2
A23: РСЧ_ЛП_3 | B23: Р/сч ЛП 3
A24: БАНК_ЛП_3 | B24: банк ЛП 3
A25: КСЧ_ЛП_3 | B25: К/сч Банка ЛП 3
A26: БИК_БАНКА_ЛП_3 | B26: БИК Банка ЛП 3
A27: УЧАСТНИК_ЛП_ЮР_1 | B27: Участник юр 1 | C27: =Анкета!A36 -> 0
A28: ИНН_УЧАСТНИК_ЮР_1 | B28: ИНН участника юр 1 | C28: =Анкета!F36 -> 0
A29: ДОЛЯ_УЧАСТНИКА_ЮР_1 | B29: доля участника юр 1 | C29: =Анкета!G36 -> 0
A30: УЧАСТНИК_ЛП_ЮР_2 | B30: Участник юр 2 | C30: =Анкета!A37 -> 0
A31: ИНН_УЧАСТНИК_ЮР_2 | B31: ИНН участника юр 2 | C31: =Анкета!F37 -> 0
A32: ДОЛЯ_УЧАСТНИКА_ЮР_2 | B32: доля участника юр 2 | C32: =Анкета!G37 -> 0
A33: УЧАСТНИК_ЛП_ЮР_3 | B33: Участник юр 3 | C33: =Анкета!A38 -> 0
A34: ИНН_УЧАСТНИК_ЮР_3 | B34: ИНН участника юр 3 | C34: =Анкета!F38 -> 0
A35: ДОЛЯ_УЧАСТНИКА_ЮР_3 | B35: Доля участника юр 3 | C35: =Анкета!G38 -> 0
A36: УЧАСТНИК_ЛП_ЮР_4 | B36: Участник юр 4 | C36: =Анкета!A39 -> 0
A37: ИНН_УЧАСТНИК_ЮР_4 | B37: ИНН участника юр 4 | C37: =Анкета!F39 -> 0
A38: ДОЛЯ_УЧАСТНИКА_ЮР_4 | B38: Доля участника юр 4 | C38: =Анкета!G39 -> 0
A39: УЧАСТНИК_ЛП_ЮР_5 | B39: Участник юр 5 | C39: =Анкета!#REF! -> #REF!
A40: ИНН_УЧАСТНИК_ЮР_5 | B40: ИНН участника юр 5 | C40: =Анкета!#REF! -> #REF!
A41: ДОЛЯ_УЧАСТНИКА_ЮР_5 | B41: доля участника юр 5 | C41: =Анкета!#REF! -> #REF!
A42: УЧАСТНИК_ЛП_ФИЗ_1 | B42: Участник физ 1 | C42: =Анкета!A30 -> 0
B43: Дата рождения участника физ 1 | C43: =Анкета!C30 -> 0
B44: паспорт участника физ 1 | C44: =Анкета!D30 -> 0
B45: дата выдачи паспорта участинка физ 1 | C45: =Анкета!E30 -> 0
A46: ИНН_УЧАСТНИК_ФИЗ_1 | B46: ИНН участника физ 1 | C46: =Анкета!F30 -> 0
A47: ДОЛЯ_УЧАСТНИКА_ФИЗ_1 | B47: доля участника физ 1 | C47: =Анкета!G30 -> 0
A48: УЧАСТНИК_ЛП_ФИЗ_2 | B48: Участник физ 2 | C48: =Анкета!A31 -> 0
B49: Дата рождения участника физ 2 | C49: =Анкета!C31 -> 0
B50: паспорт участника физ 2 | C50: =Анкета!D31 -> 0
B51: дата выдачи паспорта участинка физ 2 | C51: =Анкета!E31 -> 0
A52: ИНН_УЧАСТНИК_ФИЗ_2 | B52: ИНН участника физ 2 | C52: =Анкета!F31 -> 0
A53: ДОЛЯ_УЧАСТНИКА_ФИЗ_2 | B53: доля участника физ 2 | C53: =Анкета!G31 -> 0
A54: УЧАСТНИК_ЛП_ФИЗ_3 | B54: Участник физ 3 | C54: =Анкета!A32 -> 0
B55: Дата рождения участника физ 3 | C55: =Анкета!C32 -> 0
B56: паспорт участника физ 3 | C56: =Анкета!D32 -> 0
B57: дата выдачи паспорта участинка физ 3 | C57: =Анкета!E32 -> 0
A58: ИНН_УЧАСТНИК_ФИЗ_3 | B58: ИНН участника физ 3 | C58: =Анкета!F32 -> 0
A59: ДОЛЯ_УЧАСТНИКА_ФИЗ_3 | B59: Доля участника физ 3 | C59: =Анкета!G32 -> 0
A60: УЧАСТНИК_ЛП_ФИЗ_4 | B60: Участник физ 4 | C60: =Анкета!A33 -> 0
B61: Дата рождения участника физ 4 | C61: =Анкета!C33 -> 0
B62: паспорт участника физ 4 | C62: =Анкета!D33 -> 0
B63: дата выдачи паспорта участинка физ 4 | C63: =Анкета!E33 -> 0
A64: ИНН_УЧАСТНИК_ФИЗ_4 | B64: ИНН участника физ 4 | C64: =Анкета!F33 -> 0
A65: ДОЛЯ_УЧАСТНИКА_ФИЗ_4 | B65: Доля участника физ 4 | C65: =Анкета!G33 -> 0
A66: УЧАСТНИК_ЛП_ФИЗ_5 | B66: Участник физ 5 | C66: =Анкета!#REF! -> #REF!
B67: Дата рождения участника физ 5 | C67: =Анкета!#REF! -> #REF!
B68: паспорт участника физ 5 | C68: =Анкета!#REF! -> #REF!
B69: дата выдачи паспорта участинка физ 5 | C69: =Анкета!#REF! -> #REF!
A70: ИНН_УЧАСТНИК_ФИЗ_5 | B70: ИНН участника физ 5 | C70: =Анкета!#REF! -> #REF!
A71: ДОЛЯ_УЧАСТНИКА_ФИЗ_5 | B71: доля участника физ 5 | C71: =Анкета!#REF! -> #REF!
A72: ИСПОЛНИТЕЛЬНЫЙ_ОРГАН_ЛП | B72: Исполнительный орган | C72: =Анкета!B17 -> 0
B73: ФИО ИО | C73: =Анкета!E17 -> 0
B74: Дата рождения ИО | C74: =Анкета!A21 -> 0
B75: Серия и № паспорта ИО | C75: =Анкета!B21 -> 0
B76: № паспорта ИО
B77: Дата выдачи паспорта ИО | C77: =Анкета!C21 -> 0
B78: Код-подразделения паспорта ИО
B79: Кем выдан паспорт ИО
B80: Адрес регистрации ИО | C80: =Анкета!C23 -> 0
B81: Телефон ИО | C81: =Анкета!E21 -> 0
B82: e-mail ИО | C82: =Анкета!G21 -> 0
B83: Основание
A84: БУХГАЛТЕР_ЛП | B84: Главный бухгалтер
B85: Дата рождения бухгалтера
B86: Серия паспорта бухгалтера
B87: № паспорта бухгалтера
B88: Дата выдачи паспорта бухгалтера
B89: Код-подразделения паспорта бухгалтера
B90: Кем выдан паспорт бухгалтера
B91: Адрес регистрации бухгалтера
B92: Телефон бухгалтера
B93: e-mail бухгалтера
B94: Ответственный по сделке со стороны ЛП
B95: телефон ответственного
B96: e-mail ответственного
B97: e-mail для бух.документов
A98: ВИД_ПЛ | B98: Вид предмета лизинга
A99: НАИМЕНОВАНИЕ_ПЛ | B99: Наименование ПЛ
B100: Новое или б/у
A101: ГОД_ВЫПУСКА_ПЛ | B101: Год выпуска
...

Sheet Описание деятельности
A2: Описание деятельности Контрагента | B2: Дата | C2: ____________
A4: Наименование Контрагента | B4: ____________
A5: Описание бизнеса (история, факты, краткий анализ рынка, характеристика деятельности; характеристика поставщиков и покупателей; конкуренция) | B5: ____________
A6: Описание Группы компаний (если компания входит в холдинг или в группу компаний, предоставить список юридических лиц, входящих в ГК, с указанием наименования, ИНН, рода деятельности и места, занимаемого в ГК. Также описать связи компаний, которые касаются займов, кредитов, поручительств, гарантий)
A7: Активы компании (основные средства, недвижимость, складские запасы, прочие активы, адреса их местонахождения с указанием основания пользования помещением(ями) - аренда / собственность)
A9: Руководитель организации ____________________________________/ | B9: ____________________________________________________________________
A10: подпись | B10: расшифровка подписи
A11: М.П.
